AoeStats
← FarWhistle86911

Black Forest

509433601Analyzed
3v3 RM · 6d ago on Sep 26, 2026· 25m 9s· 6 players
Game mode
Random Map
Map size
Normal (6 player)
Population
200
Speed
Normal
Resources
Standard
Victory
Conquest
Starting age
Dark Age
Ending age
Imperial Age
RankedLock teamsTeams togetherTeam positionsShared explorationLock speedFull tech treeHidden civsTurbo modeCheats
Victory
Defeat
🇲🇩 Saracens · Moldova
766
+9
🇵🇪 Franks · Peru
694
+12
🇲🇩 Cumans · Moldova
665
+13
🇺🇸 Huns · United States
663
-14
🇪🇬 Britons · Egypt
574
-10
🇺🇸 Magyars · United States
571
-10
SleepyBear
0:26 Loom
14:34 Feudal Age
17:45 Horse Collar
18:37 Double-Bit Axe
27:25 Castle Age
iDomino
0:34 Loom
14:36 Feudal Age
16:15 Wheelbarrow
15:49 Man-at-Arms
20:21 Double-Bit Axe
23:37 Horse Collar
27:28 Castle Age
Sant_08
0:36 Loom
16:51 Feudal Age
20:43 Double-Bit Axe
21:37 Stone Mining
21:38 Gold Mining
22:30 Wheelbarrow
26:14 Castle Age
FarWhistle86911
10:01 Feudal Age
10:32 Double-Bit Axe
11:36 Wheelbarrow
20:51 Castle Age
21:54 Bow Saw
22:08 Hand Cart
unknown_ab
2:09 Loom
12:58 Feudal Age
13:44 Man-at-Arms
16:37 Double-Bit Axe
22:06 Horse Collar
22:23 Gold Mining
samko.keta
Connection lost

Rejoining the realm…

Still unreachable

The connection could not be restored.

Session expired

The server has moved on; the page needs a fresh start.